 Dungeon Crawl Stone Soup version 0.20.1-1-g8b1a95d (webtiles) character file.

65 IoNois the Skirmisher (level 3, 0/29 HPs)
             Began as a Demonspawn Fighter on Nov 9, 2017.
             Slain by an orc
             ... wielding a +1 dagger of distortion
              (13 damage)
             ... on level 2 of the Dungeon.
             The game lasted 00:18:42 (1428 turns).

IoNois the Skirmisher (Demonspawn Fighter)          Turns: 1428, Time: 00:18:43

Health: 0/29       AC:  7    Str: 17    XL:     3   Next: 94%
Magic:  3/3        EV:  9    Int:  9    God:
Gold:   61         SH:  9    Dex: 12    Spells: 2/2 levels left

rFire    . . .     SeeInvis .   a - +0 flail
rCold    . . .     Gourm    .   c - +0 shield
rNeg     . . .     Faith    .   b - +0 scale mail
rPois    .         Spirit   .   (no helmet)
rElec    .         Reflect  .   (no cloak)
rCorr    .         Harm     .   i - +0 pair of gloves
MR       .....                  (no boots)
Stlth    ..........             (no amulet)
Regen    0.1/turn               (no ring)
MPRegen  0.1/turn               (no ring)

@: no status effects
A: repulsion field 1, demonic guardian 1
a: no special abilities


You were on level 2 of the Dungeon.
You were not hungry.

You visited 1 branch of the dungeon, and saw 2 of its levels.

You collected 61 gold pieces.

Inventory:

Hand Weapons
 a - a +0 flail (weapon)
 w - a +2 whip of pain
Missiles
 e - 78 stones (quivered)
 z - 3 tomahawks
Armour
 b - a +0 scale mail (worn)
 c - a +0 shield (worn)
 i - a +0 pair of gloves (worn)
 j - a +0 ring mail
Scrolls
 p - a scroll of identify {unknown}
 x - a scroll of blinking {unknown}
Potions
 d - a potion of might
 g - 2 potions of heal wounds {unknown}
 h - a potion of ambrosia {unknown}
 k - a potion of flight {unknown}
 l - a potion of berserk rage {unknown}
 o - a potion of haste {unknown}
 r - 3 potions of curing {unknown}
Comestibles
 f - 2 bread rations


   Skills:
 + Level 3.6 Fighting
 + Level 2.4 Maces & Flails
 + Level 2.9 Armour
 + Level 0.6 Dodging
 + Level 3.2 Shields


You had 2 spell levels left.
You didn't know any spells.

Dungeon Overview and Level Annotations

Branches:
Dungeon (2/15)

Altars:


Innate Abilities, Weirdness & Mutations

You are surrounded by a mild repulsion field. (EV +2)
A weak demonic guardian rushes to your aid.


Message History

The orc barely misses you.
The orc wizard hits you but does no damage.
Your iron imp hits the orc wizard!
The orc wizard dies!
Found a stone staircase leading down.
Your iron imp barely misses the orc.
You feel less confused.
Your iron imp hits the orc!
The orc dies!
You closely miss the orc.
Your iron imp disappears in a puff of smoke!
The orc curses loudly, as Orcs often do.
The orc hits you but does no damage. Space bends around you.
You hit the orc.
The orc is severely wounded.
You block the orc's attack. x2
You closely miss the orc.
The orc is severely wounded.
The orc hits you but does no damage. Space warps horribly around you!
You die...

##.### ##.#...
###############.###..
#................#...
#.##########.####.###
#.#. ........# #.#
#†#. ######..# # #
#.#.#######..#
#.#.@......>..
#########.#.o######<.#
#.........#..# #..#
#.#########..# #..#
#.# #>.# #.# #.§# #.#
#..# #.# ####..# .##
#.# ##....)##### ...


You could see an orc.

Vanquished Creatures
  2 oozes
  2 dart slugs (D:1)
  A leopard gecko (D:2)
  A ball python (D:2)
  4 bats
  A giant cockroach (D:2)
  4 goblins (D:1)
  4 hobgoblins
  2 jackals (D:1)
  4 kobolds (D:1)
  3 frilled lizards
  3 rats (D:1)
31 creatures vanquished.

Vanquished Creatures (collateral kills)
  An orc wizard (D:2)
  An orc (D:2)
2 creatures vanquished.

Grand Total: 33 creatures vanquished

Notes
Turn   | Place    | Note
-------+----------+-------------------------------------------
     0 | D:1      | IoNois the Demonspawn Fighter began the quest for the Orb.
     0 | D:1      | Reached XP level 1. HP: 18/18 MP: 1/1
   124 | D:1      | Gained mutation: You are surrounded by a mild repulsion field. (EV +2) [demonic ancestry]
   124 | D:1      | Reached XP level 2. HP: 18/24 MP: 2/2
   743 | D:1      | Gained mutation: A weak demonic guardian rushes to your aid. [demonic ancestry]
   743 | D:1      | Reached XP level 3. HP: 29/29 MP: 3/3
  1428 | D:2      | Slain by an orc

Skill      XL: |  1  2 |
---------------+-------+-----
Maces & Flails | 2 |  2.4
Shields        | 3 |  3.2
Fighting       | |  3.6
Armour         | |  2.9
Dodging        | |  0.6

Action                   || total
-------------------------++-------
Melee: Flail             ||   102
  Eat: Bread ration      ||     1
Armor: Scale mail        ||    52
Dodge: Dodged            ||    44
Block: Shield            ||    59
